 Dungeon Crawl Stone Soup version 0.19.1 (webtiles) character file.

679750 Daunt the Acrobat (level 27, -8/188 (193) HPs)
             Began as a Kobold Berserker on Nov 23, 2016.
             Was a High Priest of Trog.
             Mangled by a guardian mummy (18 damage)
             ... while paralysed by an ancient lich
             ... on level 2 of the Tomb of the Ancients on Nov 28, 2016.
             The game lasted 11:48:30 (85045 turns).

Daunt the Acrobat (Kobold Berserker)               Turns: 85045, Time: 11:48:31

HP:   -8/188 (193)  AC: 13    Str: 28    XL:     27
MP:   0/40          EV:  3    Int:  7    God:    Trog [*****.]
Gold: 6016          SH:  0    Dex: 35    Spells: 0 memorised, 26 levels left

rFire  + . .     SeeInvis +     d - +9 triple crossbow (flame)
rCold  + + .     Gourm    .     B - quicksilver dragon scales of the Depths {MR+ Str+4 Dex+3}
rNeg   + + .     Faith    .     (shield currently unavailable)
rPois  +         Spirit   +     F - +0 helmet of Dalox {rPois rN+ Int-5 Dex+4}
rElec  +         Reflect  .     L - +0 cloak of the Harvest Moon {*Contam rC+++ Regen+ Stlth+}
rCorr  +         Harm     .     M - +2 pair of gloves {Dex+3}
MR     +++..                    U - +1 pair of boots of Xidghoyrph {*Corrode rPois Slay+5 SInv}
Stlth  +++++++++.               H - amulet of guardian spirit
                                V - ring of resist corrosion
                                E - ring "Xiuvvi Leycs" {Fire rElec rN+ Str+4 Int+3}

@: paralysed, slowed
A: carnivore 3, deformed body, screaming 1, strong 2, wild magic 1
a: Berserk, Trog's Hand, Brothers in Arms, Burn Spellbooks, Renounce Religion
}: 4/15 runes: serpentine, barnacled, slimy, silver


You were on level 2 of the Tomb of the Ancients.
You worshipped Trog.
Trog was extremely pleased with you.
You were not hungry.

You visited 11 branches of the dungeon, and saw 54 of its levels.
You also visited: Trove, Bailey, Ice Cave, Volcano and Wizlab.

You collected 9768 gold pieces.
You spent 3752 gold pieces at shops.

Inventory:

Hand Weapons
 a - the +10 short sword "Cenudum" {drain, rElec rN+}
   (Trog gifted it to you on level 3 of the Snake Pit)

   A truly terrible weapon, it drains the life of those it strikes.
   It insulates you from electricity.
   It protects you from negative energy.
 b - a +9 rapier of holy wrath
 d - a +9 triple crossbow of flaming (weapon)
 Q - the +6 arbalest "Damnation" {damnation}
   (You took it off a siren on level 4 of the Shoals)
Missiles
 h - 1837 stones
 l - 2445 bolts (quivered)
Armour
 c - a +3 buckler of resistance
 B - the quicksilver dragon scales of the Depths (worn) {MR+ Str+4 Dex+3}
   (You bought it in a shop on level 2 of the Orcish Mines)

   It affects your strength (+4).
   It affects your dexterity (+3).
   It affects your resistance to hostile enchantments.
 F - the +0 helmet of Dalox (worn) {rPois rN+ Int-5 Dex+4}
   (You found it on level 5 of the Lair of Beasts)

   It affects your intelligence (-5).
   It affects your dexterity (+4).
   It protects you from poison.
   It protects you from negative energy.
 L - the +0 cloak of the Harvest Moon (worn) {*Contam rC+++ Regen+ Stlth+}
   (You found it on level 4 of the Shoals)

   It renders you almost immune to cold.
   It causes magical contamination when unequipped.
   It increases your rate of regeneration.
   It makes you more stealthy.
 M - a +2 pair of gloves of dexterity (worn)
 U - the +1 pair of boots of Xidghoyrph (worn) {*Corrode rPois Slay+5 SInv}
   (You found it in a volcano)

   It affects your accuracy and damage with ranged weapons and melee attacks
   (+5).
   It protects you from poison.
   It lets you see invisible.
   It may corrode you when you take damage.
Rods
 W - a +4 rod of ignition (10/10)
   (You found it on level 3 of the Elven Halls)
 X - a +1 lightning rod (13/13)
   (You took it off a deep elf annihilator on level 3 of the Elven Halls)
Jewellery
 u - a +5 ring of slaying
 E - the ring "Xiuvvi Leycs" (left hand) {Fire rElec rN+ Str+4 Int+3}
   (You took it off a deep elf blademaster on level 3 of the Elven Halls)

   [ring of fire]

   It enhances your fire magic.
   It affects your strength (+4).
   It affects your intelligence (+3).
   It protects you from fire.
   It makes you vulnerable to cold.
   It insulates you from electricity.
   It protects you from negative energy.
 H - an amulet of guardian spirit (around neck)
 V - a ring of resist corrosion (right hand)
Wands
 e - a wand of teleportation (5/9)
 t - a wand of digging (12/24)
Scrolls
 g - 7 scrolls of fog
 i - 6 scrolls of magic mapping
 k - 5 scrolls of remove curse
 m - 3 scrolls of blinking
 v - a scroll of holy word
 w - 2 scrolls of silence
 I - 6 scrolls of identify
 J - a scroll of summoning
 N - 6 scrolls of fear
 O - a scroll of enchant armour
Potions
 f - 3 potions of invisibility
 o - 3 potions of ambrosia
 p - 28 potions of curing
 q - 13 potions of flight
 z - 3 potions of haste
 C - 6 potions of cancellation
 D - 6 potions of heal wounds
 G - 4 potions of resistance
 P - 4 potions of agility
Miscellaneous
 n - a fan of gales
 r - 2 sacks of spiders
 x - a lamp of fire
 y - a disc of storms
 A - 3 phantom mirrors
 S - a phial of floods
 Y - a box of beasts
Comestibles
 s - 21 meat rations


   Skills:
 + Level 25.1 Fighting
 - Level 14.1 Short Blades
 - Level 26.0 Crossbows
 - Level 3.0 Armour
 + Level 26.5 Dodging
 - Level 20.0 Stealth
 - Level 6.7 Shields
 - Level 26.0 Evocations


You had 26 spell levels left.
You didn't know any spells.

Dungeon Overview and Level Annotations

Branches:
Dungeon (15/15)            Temple (0/1) D:6            Lair (6/6) D:11
 Shoals (4/4) Lair:2        Snake (4/4) Lair:3        Slime (5/5) Lair:6
    Orc (2/2) D:9             Elf (3/3) Orc:2        Vaults (5/5) D:14
  Crypt (3/3) Vaults:3       Tomb (2/3) Crypt:3      Depths (5/5) D:15
    Zot (0/5) Depths:5

Altars:
Ashenzari
Cheibriados
Dithmenos
Elyvilon
Fedhas
Kikubaaqudgha
Nemelex Xobeh
Okawaru
Qazlal
Ru
Trog
Uskayaw
Vehumet
Xom
Yredelemnul
The Shining One
Beogh
Jiyva

Shops:
D:6 !   D:9 ([   D:12 [   Orc:1 *   Orc:2 *(**(   Elf:2 }}=   Shoals:1 ?
Vaults:3 [!:[   Vaults:4 [   Vaults:5 =   Depths:3 !

Portals:
Hell: Depths:1 Depths:2 Depths:3 Depths:4 Depths:5
Abyss: Depths:2 Depths:4
Pandemonium: Depths:1 Depths:3
Ziggurat: Depths:4


Innate Abilities, Weirdness & Mutations

You are small and have problems with some larger weapons.
You are carnivorous and can eat meat at any time.
Armour fits poorly on your strangely shaped body.
You occasionally shout uncontrollably at your foes.
Your muscles are very strong. (Str +4)
Your spells are a little harder to cast, but a little more powerful.


Message History

The death scarab draws strength from your injuries!
The phantasmal warrior blinks!
The death scarab bites you!
The death scarab draws strength from your injuries!
The death scarab bites you!!
* * * LOW HITPOINT WARNING * * *
The death scarab drains your vigour!
You feel as though you will be slow longer.
The death scarab draws strength from your injuries!
The death scarab bites you!!
* * * LOW HITPOINT WARNING * * *
The death scarab draws strength from your injuries!
The flying skull hits you.
* * * LOW HITPOINT WARNING * * *
The ushabti shakes and rattles deafeningly!
The greater mummy casts a spell at you. Something smites you!
* * * LOW HITPOINT WARNING * * *
The guardian mummy hits you!!
You die...

#.. ..# #...
...#
....#######....
....Z..§..s.?./
...............
......MMMWM....
......sMM...§..
.....Ms@z.M....
.....sMsWs..W..
.....ss8.(.....
.....s....L....
...M.(..≈......
....#######....
#M.. ≈..# #..
..#


You could see a greater mummy, an ancient lich, 3 mummy priests, a phantasmal
warrior, 3 guardian mummies, an ushabti, a freezing wraith, a hungry ghost, 9
death scarabs, a flying skull, 4 mummies and a quicksilver dragon skeleton.

Vanquished Creatures
  the Royal Jelly (Slime:5)
  Dissolution (Slime:2)
  2 ancient liches (Vaults:5)
  Mennas (Depths:3)
  5 greater mummies (Tomb:1)
  Sojobo (Tomb:1)
  Margery (Depths:5)
  Saint Roka (Crypt:2)
  Xtahua (Vaults:3)
  Nikola (Snake:3)
  A bone dragon (Crypt:3)
  A profane servitor (Crypt:3)
  Rupert (Lair:6)
  3 tentacled monstrosities (Vaults:5)
  6 liches
  A quicksilver dragon (Vaults:5)
  4 titans
  3 deep elf blademasters
  3 deep elf master archers
  33 acid blobs
  19 sphinxes
  A storm dragon (shapeshifter) (Depths:4)
  9 ancient champions
  Kirke (Shoals:3)
  2 storm dragons (Vaults:5)
  15 tengu reavers
  A daeva (Depths:2)
  Donald (Crypt:1)
  6 shadow dragons
  6 revenants
  20 nagarajas
  An iron dragon (shapeshifter) (Depths:4)
  18 frost giants
  Aizul (Snake:3)
  A draconian knight (Depths:5)
  13 fire giants
  18 vault wardens
  2 iron dragons
  34 azure jellies
  3 deep elf sorcerers
  Louise (Elf:3)
  A caustic shrike zombie (Depths:4)
  7 ghouls
  2 deep elf elementalists (Elf:3)
  A ghost moth (Depths:4)
  3 curse skulls
  13 ironheart preservers
  A war gargoyle (Vaults:5)
  22 stone giants
  2 draconian callers (Depths:5)
  14 very ugly things
  2 green draconians (Depths:5)
  3 bennus (Tomb:1)
  7 deep elf demonologists
  7 vampire knights
  11 purple draconians
  13 deep elf annihilators
  2 lorocyprocas
  The ghost of Spathi the Thaumaturge, a journeyman DEIE of Vehumet (Lair:6)
  9 statues (WizLab)
  7 spark wasps
  2 white draconians (Depths:5)
  A mottled draconian (Depths:5)
  10 merfolk javelineers (Shoals:4)
  Snorg (D:10)
  6 eidola
  14 jiangshi
  10 deep elf death magi
  2 blizzard demons (IceCv)
  A fire dragon (shapeshifter) (Depths:4)
  20 death oozes
  Josephine (D:11)
  7 merfolk impalers
  14 ettins
  2 crystal guardians
  7 mummy priests
  14 fire dragons
  6 deep elf high priests
  10 yaktaur captains
  6 ice dragons
  14 great orbs of eyes
  6 rakshasas
  Fannar (D:10)
  34 vault guards
  22 ogre magi
  9 hydras
  8 anacondas
  8 spriggan air magi
  5 merfolk avatars
  A catoblepas (Lair:5)
  A juggernaut simulacrum (Depths:4)
  2 alligator snapping turtles (Shoals:4)
  7 death knights
  13 centaur warriors
  A queen ant (shapeshifter) (Depths:2)
  20 naga warriors
  29 dancing weapons
  A death scarab (Tomb:2)
  5 merfolk aquamancers
  6 satyrs
  4 vampire magi
  6 spriggan berserkers
  12 deep troll shamans
  20 deep troll earth magi
  An orc high priest (Orc:2)
  4 tengu warriors
  17 naga sharpshooters
  The ghost of bluewall the Covert, a journeyman SpEn of Ashenzari (Orc:1)
  A titan zombie (Crypt:3)
  Urug (D:13)
  The ghost of mg7810 the Slinger, a novice HaHu of Nemelex Xobeh (Bailey)
  18 hell knights
  9 shock serpents
  Sonja (D:10)
  23 deep elf knights
  The ghost of Daunt the Slicer, a novice KoBe of Trog (D:9)
  2 soul eaters (Crypt:2)
  2 iron trolls
  11 sea snakes
  A sixfirhy (Depths:1)
  8 salamander mystics
  3 titan skeletons
  A quicksilver dragon simulacrum (Crypt:3)
  A ghost moth zombie (Tomb:1)
  6 glowing orange brains
  6 wizards
  47 deep trolls
  A storm dragon skeleton (Crypt:3)
  20 skeletal warriors
  A deep troll (shapeshifter) (Vaults:5)
  7 shadow wraiths
  10 small abominations
  A swamp dragon (shapeshifter) (Depths:4)
  22 deep elf archers
  4 flayed ghosts
  A glowing orange brain (shapeshifter) (Depths:5)
  8 naga ritualists
  A golden dragon skeleton (Crypt:3)
  6 hill giants
  4 wolf spiders
  A lindwurm (Volcano)
  A hill giant (shapeshifter) (Elf:3)
  9 orc sorcerers
  15 ironbrand convokers
  7 phantasmal warriors
  9 necromancers
  19 harpies
  11 mana vipers
  A shadow dragon skeleton (Depths:2)
  27 salamanders
  17 orc knights
  A frost giant zombie (Depths:2)
  6 cyclopes
  A hell hog zombie (Crypt:3)
  117 slime creatures
  2 fire giant zombies
  An oklob plant (D:11)
  A cyclops (shapeshifter) (Vaults:4)
  8 shining eyes
  23 fauns
  86 deep elf magi
  A sphinx skeleton (Depths:4)
  Maurice (D:10)
  5 elephants (Lair:6)
  5 large abominations (Elf:1)
  30 ugly things
  15 vault sentinels
  11 manticores
  38 black mambas
  A stone giant skeleton (Crypt:2)
  A hell hog skeleton (Crypt:1)
  16 sirens
  A guardian serpent (shapeshifter) (Elf:3)
  10 water nymphs
  13 guardian serpents
  An eye of devastation (shapeshifter) (D:15)
  26 naga magi
  A torpor snail (Snake:1)
  7 eyes of devastation
  An ice statue (IceCv)
  2 human zombies (Vaults:3)
  22 spiny frogs
  A gargoyle (D:14)
  A torpor snail (shapeshifter) (Vaults:2)
  7 komodo dragons
  6 ice devils
  A rime drake (Lair:3)
  3 rime drakes (shapeshifter)
  2 iron troll zombies
  An efreet (Depths:4)
  26 guardian mummies
  A spark wasp simulacrum (Depths:4)
  17 freezing wraiths
  A komodo dragon (shapeshifter) (Vaults:1)
  4 anaconda simulacra
  68 yaktaurs
  A human skeleton (Vaults:3)
  A golden dragon simulacrum (IceCv)
  2 queen bees (shapeshifter)
  5 trolls
  2 queen bees
  A polar bear (Lair:5)
  7 tengu conjurers
  8 hornets
  41 two-headed ogres
  29 merfolk
  3 meliai (D:14)
  2 meliai (shapeshifter)
  Grinder (D:5)
  4 wind drakes
  4 tyrant leeches (Lair:6)
  13 blink frogs
  A wolf spider simulacrum (D:15)
  An iron dragon simulacrum (Depths:4)
  Prince Ribbit (D:5)
  6 dream sheep (Lair:5)
  5 hippogriffs
  12 snapping turtles
  A spriggan zombie (Depths:2)
  A hydra skeleton (Tomb:2)
  A meliai zombie (D:14)
  A bog body (Crypt:2)
  A death drake skeleton (Crypt:1)
  A frost giant simulacrum (Crypt:3)
  4 centaur simulacra
  Sigmund (D:5)
  7 air elementals
  2 shadows
  A wyvern (shapeshifter) (Vaults:2)
  An ice dragon skeleton (Crypt:2)
  2 vampires (D:13)
  A spriggan (shapeshifter) (Depths:5)
  11 ushabtiu
  13 water elementals
  23 flying skulls (Tomb:1)
  5 spriggans (Depths:5)
  A dire elephant simulacrum (IceCv)
  7 wraiths
  A golden eye (shapeshifter) (Depths:3)
  A hog (shapeshifter) (Vaults:4)
  70 yaks
  4 basilisks
  A fire bat (shapeshifter) (Elf:3)
  4 fire elementals
  3 wyverns
  7 fire bats (Volcano)
  15 golden eyes
  A steam dragon (Volcano)
  A neqoxec (Depths:1)
  A human simulacrum (Vaults:1)
  5 hogs (Shoals:3)
  A chaos spawn (Depths:1)
  4 hungry ghosts
  13 vampire mosquitoes
  Menkaure (D:7)
  3 mottled dragons
  A gelid demonspawn zombie (Crypt:3)
  6 harpy simulacra (IceCv)
  A mottled dragon (shapeshifter) (Vaults:3)
  A water nymph zombie (Crypt:3)
  A deep troll zombie (Crypt:3)
  3 soldier ants
  3 wargs
  66 nagas
  9 swamp worms (D:13)
  2 iron troll simulacra (IceCv)
  A soldier ant (shapeshifter) (Vaults:4)
  A hell hound (Volcano)
  12 water moccasins
  A hydra simulacrum (IceCv)
  Duvessa (D:5)
  2 floating eyes
  3 black bears
  7 porcupines
  2 sky beasts
  An ettin simulacrum (IceCv)
  32 orc warriors
  An ice beast (shapeshifter) (Depths:4)
  6 ice beasts
  3 necrophages
  12 boggarts
  10 eyes of draining
  A dream sheep zombie (Crypt:1)
  25 centaurs
  6 wolves
  79 ogres
  2 hog zombies
  12 crocodiles
  3 big kobolds
  The ghost of ronnoc500 the Chiller, an amateur DEIE (D:3)
  29 bullfrogs
  2 earth elementals
  Dowan (D:5)
  A wyvern skeleton (D:10)
  2 queen bee zombies
  3 scorpions
  An elf simulacrum (Vaults:1)
  47 killer bees
  A troll skeleton (Tomb:1)
  16 wights
  3 electric eels
  A howler monkey (D:10)
  4 crimson imps
  4 draconian simulacra (IceCv)
  4 jellies
  3 quasits
  6 centaur zombies
  4 hounds
  4 centaur skeletons
  5 bullfrog skeletons
  A gnoll shaman (D:7)
  18 orc priests
  3 iron imps
  17 orc wizards
  A black bear skeleton (Crypt:1)
  Terence (D:3)
  3 iguanas
  A polar bear simulacrum (IceCv)
  11 worker ants
  3 troll simulacra (IceCv)
  A spriggan simulacrum (IceCv)
  2 wolf simulacra (IceCv)
  A mottled dragon zombie (Crypt:2)
  A tengu zombie (Crypt:3)
  3 hound zombies
  19 mummies (Tomb:1)
  Robin (D:3)
  A hell rat zombie (Crypt:2)
  A howler monkey zombie (D:5)
  13 adders
  10 gnolls
  5 naga simulacra (IceCv)
  3 ogre simulacra (IceCv)
  A scorpion zombie (Crypt:1)
  9 shadow imps
  5 white imps
  7 ufetubi
  A worm zombie (Crypt:1)
  3 adder zombies
  A lava snake skeleton (Crypt:3)
  15 worms
  3 adder skeletons
  3 dart slugs
  5 leopard geckos
  103 orcs
  A bat (D:3)
  5 giant cockroaches
  19 goblins
  11 hobgoblins
  9 jackals
  27 kobolds
  6 quokkas
  3 ball python skeletons
  2 frilled lizards
  A leopard gecko skeleton (D:8)
  A quokka skeleton (D:6)
  A quokka zombie (D:7)
  8 rats
  A spectral orc (D:5)
2903 creatures vanquished.

Vanquished Creatures (collateral kills)
  Khufu (Tomb:1)
  A deep elf blademaster (Elf:2)
  A titan (Vaults:5)
  An acid blob (Slime:5)
  An ancient champion (Crypt:3)
  2 sphinxes
  2 tengu reavers
  A shadow dragon (Vaults:5)
  8 azure jellies (Slime:5)
  2 nagarajas (Snake:4)
  A fire giant (Depths:3)
  A deep elf sorcerer (Vaults:5)
  An ironheart preserver (Vaults:3)
  A very ugly thing (Depths:3)
  A stone giant (Vaults:5)
  A bennu (Tomb:1)
  3 death oozes (Slime:5)
  A deep elf death mage (Vaults:5)
  A great orb of eyes (Slime:5)
  2 vault guards (Vaults:5)
  2 merfolk aquamancers
  An anaconda (Snake:3)
  2 dancing weapons (Elf:2)
  An ogre mage (Orc:2)
  A skeletal warrior (Crypt:3)
  The ghost of bmwyatt74 the Cleaver, a novice MiBe of Trog (Bailey)
  A phantasmal warrior (Vaults:5)
  A naga ritualist (Snake:3)
  2 deep elf magi (Elf:2)
  2 mana vipers
  A manticore (D:10)
  2 guardian serpents (Snake:4)
  2 naga magi (Snake:3)
  3 black mambas (Snake:3)
  A vault sentinel (Vaults:5)
  A guardian mummy (Tomb:1)
  2 two-headed ogres (Orc:2)
  A merfolk (Shoals:3)
  A snapping turtle (Shoals:3)
  An ushabti (Tomb:1)
  A water elemental (Shoals:3)
  4 orc warriors
  An ogre (Orc:2)
  A mummy (Tomb:1)
  A gnoll (Bailey)
  An orc (Bailey)
  A kobold (Bailey)
72 creatures vanquished.

Vanquished Creatures (others)
  Ilsuiw (Shoals:4)
  4 death scarabs (Tomb:2)
  An ogre mage (Vaults:4)
  A deep elf mage (Vaults:5)
  A merfolk (Shoals:4)
  A human (Shoals:3)
  A naga (Snake:3)
  A boggart (Depths:2)
  An ogre (Vaults:5)
  An orc wizard (D:4)
  2 mummies (Tomb:2)
  2 white imps (IceCv)
  An ufetubus (IceCv)
  An orc (Vaults:5)
  A bush (Lair:6)
  11 fungi
  86 plants
117 creatures vanquished.

Grand Total: 3092 creatures vanquished

Notes
Turn   | Place    | Note
-------+----------+-------------------------------------------
     0 | D:1      | Daunt the Kobold Berserker began the quest for the Orb.
     0 | D:1      | Reached XP level 1. HP: 14/14 MP: 1/1
    99 | D:1      | Reached skill level 1 in Stealth
   186 | D:1      | Reached XP level 2. HP: 12/19 MP: 2/2
   903 | D:2      | Reached XP level 3. HP: 17/23 MP: 3/3
  1072 | D:2      | Found an ancient bone altar of Kikubaaqudgha.
  1072 | D:2      | Found a shadowy altar of Dithmenos.
  1165 | D:2      | Found a stormy altar of Qazlal.
  1331 | D:3      | Reached ** piety under Trog
  1334 | D:3      | Noticed Robin
  1336 | D:3      | Reached XP level 4. HP: 28/28 MP: 4/4
  1343 | D:3      | Killed Robin
  1343 | D:3      | Reached skill level 5 in Stealth
  1452 | D:3      | Reached XP level 5. HP: 23/32 MP: 5/5
  1657 | D:3      | Found an iron altar of Okawaru.
  1729 | D:3      | Noticed ronnoc500's ghost (amateur DEIE)
  1735 | D:3      | Killed ronnoc500's ghost
  1739 | D:3      | Reached XP level 6. HP: 37/37 MP: 6/6
  1798 | D:3      | Noticed Terence
  1801 | D:3      | Killed Terence
  2070 | D:4      | Reached *** piety under Trog
  2070 | D:4      | Reached skill level 5 in Short Blades
  2356 | D:4      | Found a shimmering altar of Xom.
  2418 | D:4      | Found a shimmering altar of Xom.
  2437 | D:4      | Reached XP level 7. HP: 7/41 MP: 7/7
  2781 | D:4      | Found a shattered altar of Ashenzari.
  2791 | D:4      | Found a white marble altar of Elyvilon.
  3059 | D:4      | Found a shimmering altar of Xom.
  3242 | D:5      | Entered Level 5 of the Dungeon
  3250 | D:5      | Noticed Sigmund
  3253 | D:5      | Killed Sigmund
  3318 | D:5      | Noticed Grinder
  3323 | D:5      | Paralysed by Grinder for 3 turns
  3334 | D:5      | Killed Grinder
  3334 | D:5      | Reached XP level 8. HP: 46/46 MP: 8/8
  3412 | D:5      | Noticed Duvessa
  3419 | D:5      | Reached skill level 10 in Short Blades
  3427 | D:5      | Noticed Dowan
  3433 | D:5      | Killed Duvessa
  3433 | D:5      | Reached skill level 1 in Evocations
  3437 | D:5      | Killed Dowan
  3755 | D:5      | Noticed a hippogriff
  3763 | D:5      | Killed a hippogriff
  3817 | D:5      | Reached XP level 9. HP: 52/52 MP: 11/11
  4121 | D:5      | Found a basalt altar of Yredelemnul.
  4208 | D:5      | Reached skill level 5 in Fighting
  4239 | D:5      | Reached skill level 5 in Dodging
  4360 | D:5      | Found a faded altar of an unknown god.
  4360 | D:5      | Found a faded altar of an unknown god.
  4360 | D:5      | Noticed Prince Ribbit
  4370 | D:5      | Killed Prince Ribbit
  4373 | D:5      | Found a glowing golden altar of the Shining One.
  4375 | D:5      | Found a faded altar of an unknown god.
  4376 | D:5      | Found a faded altar of an unknown god.
  4552 | D:6      | Found a shattered altar of Ashenzari.
  4569 | D:6      | Found a sacrificial altar of Ru.
  4581 | D:6      | Reached skill level 5 in Evocations
  4592 | D:6      | Reached **** piety under Trog
  4766 | D:6      | Got a creamy pearl robe
  4777 | D:6      | Identified the +1 robe of Beogh's Displeasure {rPois} (You found it on level 6 of the Dungeon)
  4908 | D:6      | Found a bloodstained altar of Trog.
  4925 | D:6      | Found Itialurph's Distillery.
  4926 | D:6      | Found a staircase to the Ecumenical Temple.
  5311 | D:7      | Noticed Menkaure
  5324 | D:7      | Killed Menkaure
  5526 | D:7      | Reached XP level 10. HP: 51/61 MP: 14/14
  5590 | D:7      | Received a gift from Trog
  6671 | D:8      | Found a sparkling altar of Nemelex Xobeh.
  6674 | D:8      | Found a hide-covered altar of Uskayaw.
  6677 | D:8      | Found a radiant altar of Vehumet.
  6694 | D:8      | Found a blossoming altar of Fedhas.
  7143 | D:8      | Found a snail-covered altar of Cheibriados.
  7763 | D:9      | Noticed Daunt's ghost (novice KoBe)
  7789 | D:9      | Killed Daunt's ghost
  7789 | D:9      | Reached XP level 11. HP: 71/71 MP: 17/17
  7807 | D:9      | Found a staircase to the Orcish Mines.
  7807 | D:9      | Found Peeq's Weapon Shop.
  7807 | D:9      | Found Etinee's Armour Shop.
  8374 | D:9      | Found a blossoming altar of Fedhas.
  8755 | D:10     | Entered Level 10 of the Dungeon
  8755 | D:10     | Noticed Maurice
  8768 | D:10     | Killed Maurice
  8832 | D:10     | Noticed Snorg
  8852 | D:10     | Reached skill level 10 in Evocations
  9077 | D:10     | Noticed Fannar
  9167 | D:10     | Killed Fannar
  9167 | D:10     | Reached skill level 10 in Dodging
  9195 | D:10     | Noticed Sonja
  9200 | D:10     | Killed Sonja
  9200 | D:10     | Reached skill level 10 in Stealth
  9219 | D:10     | Noticed a manticore
  9266 | D:10     | Reached ***** piety under Trog
  9481 | D:10     | Killed a manticore
  9771 | D:10     | Noticed a great orb of eyes
  9782 | D:10     | Paralysed by a great orb of eyes for 4 turns
  9807 | D:10     | Killed a great orb of eyes
 10122 | D:10     | Noticed a yaktaur captain
 10213 | D:11     | Found a flagged portal.
 10349 | D:11     | Reached XP level 12. HP: 68/77 MP: 19/19
 10413 | Bailey   | Entered a bailey
 10419 | Bailey   | Noticed mg7810's ghost (novice HaHu)
 10449 | Bailey   | Killed mg7810's ghost
 10449 | Bailey   | Reached skill level 10 in Fighting
 10498 | Bailey   | Noticed bmwyatt74's ghost (novice MiBe)
 10610 | Bailey   | Killed bmwyatt74's ghost
 11115 | D:11     | Noticed Josephine
 11136 | D:11     | Killed Josephine
 12180 | D:11     | Found a staircase to the Lair.
 12327 | Lair:1   | Entered Level 1 of the Lair of Beasts
 13135 | Lair:2   | Found a basalt altar of Yredelemnul.
 13562 | D:10     | Killed Snorg
 13562 | D:10     | Reached XP level 13. HP: 86/86 MP: 20/20
 13642 | Lair:1   | Identified a scroll of acquirement
 13649 | Lair:1   | Identified a +2 pair of boots of running (You acquired it on level 1 of the Lair of Beasts)
 13911 | Lair:2   | Noticed an eight-headed hydra
 13920 | Lair:2   | Killed an eight-headed hydra
 13974 | Lair:2   | Received a gift from Trog
 14107 | Lair:2   | Found a staircase to the Shoals.
 14812 | Lair:3   | Found a staircase to the Snake Pit.
 15099 | Lair:3   | Found a dark tunnel.
 15105 | Volcano  | Entered a volcano
 15133 | Volcano  | Noticed a fire dragon
 15146 | Volcano  | Killed a fire dragon
 15165 | Volcano  | Got a pair of spiked boots
 15644 | Lair:3   | Identified the +1 pair of boots of Xidghoyrph {*Corrode rPois Slay+5 SInv} (You found it in a volcano)
 16735 | Lair:4   | Received a gift from Trog
 17454 | Lair:4   | Noticed a four-headed hydra
 17464 | Lair:4   | Killed a four-headed hydra
 17464 | Lair:4   | Reached XP level 14. HP: 58/94 MP: 21/21
 18088 | Lair:5   | Got an ichor-stained helmet
 18099 | Lair:5   | Identified the +0 helmet of Dalox {rPois rN+ Int-5 Dex+4} (You found it on level 5 of the Lair of Beasts)
 19050 | Lair:6   | Entered Level 6 of the Lair of Beasts
 19050 | Lair:6   | Noticed Rupert
 19059 | Lair:6   | Killed Rupert
 19080 | Lair:6   | Noticed Spathi's ghost (journeyman DEIE)
 19567 | Lair:6   | Received a gift from Trog
 19568 | Lair:6   | Got an ebony dagger {god gift}
 19569 | Lair:6   | Identified the +2 dagger of Mysticism {holy, rN+ Str+3 Int+2 Dex+4} (Trog gifted it to you on level 6 of the Lair of Beasts)
 20014 | Lair:6   | Reached XP level 15. HP: 66/100 MP: 17/24
 20032 | Lair:6   | Reached skill level 1 in Crossbows
 20173 | Lair:6   | Killed Spathi's ghost
 20447 | Lair:6   | Found a viscous altar of Jiyva.
 20447 | Lair:6   | Found a staircase to the Slime Pits.
 20955 | D:12     | Noticed a frost giant
 20984 | D:12     | Killed a frost giant
 20984 | D:12     | Reached skill level 15 in Dodging
 21221 | D:12     | Found Semoll's Armour Shoppe.
 21416 | D:12     | Received a gift from Trog
 22030 | D:13     | Got a scorched short sword
 22031 | D:13     | Identified the +10 short sword of the Shore {protect, MR+ Int+3 Dex+3} (You found it on level 13 of the Dungeon)
 22067 | D:13     | Reached ****** piety under Trog
 22133 | D:13     | Noticed a fire giant
 22159 | D:13     | Received a gift from Trog
 22172 | D:13     | Reached skill level 5 in Crossbows
 22180 | D:13     | Noticed Urug
 22192 | D:13     | Killed Urug
 22586 | D:13     | Reached skill level 15 in Fighting
 23801 | D:14     | Reached XP level 16. HP: 85/108 MP: 21/25
 23811 | D:14     | Found a gate to the Vaults.
 24046 | D:14     | Reached skill level 10 in Crossbows
 24050 | D:14     | Received a gift from Trog
 24461 | D:15     | Entered Level 15 of the Dungeon
 24577 | D:15     | Received a gift from Trog
 24584 | D:15     | Found a staircase to the Depths.
 25033 | D:15     | Paralysed by a wizard for 2 turns
 25370 | Orc:1    | Entered Level 1 of the Orcish Mines
 25370 | Orc:1    | Noticed bluewall's ghost (journeyman SpEn)
 25384 | Orc:1    | Killed bluewall's ghost
 25384 | Orc:1    | Received a gift from Trog
 25481 | Orc:1    | Found Luho Yfacepn's General Store.
 25569 | Orc:2    | Entered Level 2 of the Orcish Mines
 25855 | Orc:2    | Received a gift from Trog
 26126 | Orc:2    | Received a gift from Trog
 26176 | Orc:2    | Found a staircase to the Elven Halls.
 26214 | Orc:2    | Found Bekhlova's Assorted Antiques.
 26223 | Orc:2    | Found a roughly hewn altar of Beogh.
 26246 | Orc:2    | Bought a glowing buckler for 315 gold pieces
 26336 | Orc:2    | Found Pefoh's Assorted Antiques.
 26336 | Orc:2    | Found Moschal's Antique Weapon Boutique.
 26337 | Orc:2    | Found Jyng's Antique Weapon Shop.
 26337 | Orc:2    | Found Ofuy's Assorted Antiques.
 26395 | Orc:2    | Reached skill level 1 in Shields
 26401 | Orc:2    | Received a gift from Trog
 26434 | Orc:2    | Bought blackened quicksilver dragon scales for 1560 gold pieces
 26444 | Orc:2    | Identified the quicksilver dragon scales of the Depths {MR+ Str+4 Dex+3} (You bought it in a shop on level 2 of the Orcish Mines)
 26764 | Orc:2    | Found a roughly hewn altar of Beogh.
 27089 | Snake:1  | Entered Level 1 of the Snake Pit
 28594 | Snake:1  | Received a gift from Trog
 28639 | Snake:2  | Found a frozen archway.
 28643 | Snake:2  | Reached XP level 17. HP: 115/115 MP: 26/26
 28648 | IceCv    | Entered an ice cave
 28998 | IceCv    | Got a crystal flail
 29246 | IceCv    | Received a gift from Trog
 29420 | IceCv    | Reached skill level 5 in Shields
 29455 | IceCv    | Received a gift from Trog
 29457 | IceCv    | Upgraded the game from 0.19.0-26-g9e9c210 to 0.19.1
 30752 | Snake:2  | Got a distressingly furry scale mail
 30763 | Snake:2  | Identified the cursed +0 scale mail of Sorusche {rCorr} (You found it on level 2 of the Snake Pit)
 31561 | Snake:3  | Received a gift from Trog
 31565 | Snake:3  | Got a shimmering short sword {god gift}
 32636 | Snake:3  | Reached XP level 18. HP: 67/122 MP: 14/27
 32946 | Snake:3  | Received a gift from Trog
 33133 | Snake:3  | Reached skill level 15 in Stealth
 33242 | Snake:3  | Noticed Nikola
 33257 | Snake:3  | Killed Nikola
 33525 | Snake:3  | Noticed Aizul
 33621 | Snake:3  | Killed Aizul
 34155 | Snake:4  | Entered Level 4 of the Snake Pit
 34483 | Snake:4  | Received a gift from Trog
 34871 | Snake:4  | Reached skill level 15 in Crossbows
 35736 | Snake:4  | Reached XP level 19. HP: 88/128 MP: 24/28
 36829 | Snake:4  | Received a gift from Trog
 37336 | Snake:4  | Received a gift from Trog
 37487 | Snake:4  | Got a serpentine rune of Zot
 37747 | Shoals:1 | Entered Level 1 of the Shoals
 38186 | Shoals:1 | Received a gift from Trog
 38187 | Shoals:1 | Got a dazzling hand crossbow {god gift}
 38589 | Lair:1   | Identified the +10 short sword "Cenudum" {drain, rElec rN+} (Trog gifted it to you on level 3 of the Snake Pit)
 38601 | Lair:1   | Identified the +3 hand crossbow of the Elven Halls {elec, rF++} (Trog gifted it to you on level 1 of the Shoals)
 39259 | Shoals:1 | Found Xidazaox's Magic Scroll Boutique.
 39592 | Shoals:2 | Received a gift from Trog
 39690 | Shoals:2 | Reached XP level 20. HP: 134/134 MP: 26/29
 40318 | Shoals:3 | Noticed Kirke
 40437 | Shoals:3 | Got a transparent leather armour
 40448 | Shoals:3 | Identified the +2 leather armour of Kunla {rPois rF+ Slay-4} (You found it on level 3 of the Shoals)
 40682 | Shoals:4 | Entered Level 4 of the Shoals
 40903 | Shoals:4 | Noticed Ilsuiw
 40927 | Shoals:4 | Received a gift from Trog
 40941 | Shoals:4 | Killed Ilsuiw
 41622 | Shoals:4 | Received a gift from Trog
 41963 | Shoals:4 | Received a gift from Trog
 42284 | Shoals:4 | Gained mutation: You evolve. [potion of beneficial mutation]
 42851 | Shoals:4 | Got a barnacled rune of Zot
 42862 | Shoals:4 | Gained mutation: Your movements are slightly less encumbered by armour. (ER -2) [evolution]
 42981 | Shoals:4 | Got a scorched cloak
 42992 | Shoals:4 | Identified the +0 cloak of the Harvest Moon {*Contam rC+++ Regen+ Stlth+} (You found it on level 4 of the Shoals)
 43739 | Shoals:3 | Killed Kirke
 43912 | Shoals:3 | Got a shimmering ring mail
 44251 | Lair:1   | Identified the +0 ring mail of Distant Shores {*Contam rC+ Int+2} (You found it on level 3 of the Shoals)
 44379 | Vaults:1 | Entered Level 1 of the Vaults
 44385 | Vaults:1 | Received a gift from Trog
 44407 | Vaults:1 | Reached XP level 21. HP: 139/139 MP: 30/30
 45246 | Vaults:1 | Received a gift from Trog
 45905 | Vaults:1 | Paralysed by an orc sorcerer for 4 turns
 46181 | Vaults:2 | Got an encrusted ring mail
 46192 | Vaults:2 | Identified the +5 ring mail of the Game of Kings {rF+ rN+++ MR- rCorr} (You found it on level 2 of the Vaults)
 46900 | Vaults:2 | Received a gift from Trog
 47525 | Vaults:3 | Found Tiywno Pume's Antique Armour Shop.
 47529 | Vaults:3 | Found Xeaclaz's Book Shop.
 47549 | Vaults:3 | Reached XP level 22. HP: 144/144 MP: 31/31
 47609 | Vaults:3 | Found a staircase to the Crypt.
 47609 | Vaults:3 | Found an ancient bone altar of Kikubaaqudgha.
 47609 | Vaults:3 | Found a basalt altar of Yredelemnul.
 47658 | Vaults:3 | Noticed Xtahua
 47679 | Vaults:3 | Received a gift from Trog
 47690 | Vaults:3 | Killed Xtahua
 47811 | Vaults:3 | Found a magical portal.
 47820 | WizLab   | Entered Iskenderun's Mystic Tower
 47965 | WizLab   | Received a gift from Trog
 48824 | WizLab   | Identified Iskenderun's Catalogue of Combat Magic
 48824 | WizLab   | Identified Iskenderun's Grimoire of Battle Magic
 48824 | WizLab   | Identified the Disquisition on the Shifting Birds
 48841 | WizLab   | Identified the Reference Book on Icy Creation
 49585 | Vaults:3 | Found Neniumoss's Antique Armour Shop.
 50004 | Vaults:3 | Found Awkyqila's Distillery.
 50012 | Vaults:3 | Bought a potion of beneficial mutation for 490 gold pieces
 50012 | Vaults:3 | Gained mutation: You are robust. (+10% HP) [potion of beneficial mutation]
 50410 | Vaults:4 | Received a gift from Trog
 50636 | Vaults:4 | Received a gift from Trog
 50884 | Vaults:4 | Found Bismanu's Antique Armour Shop.
 50920 | Vaults:4 | Bought a pair of jewelled boots for 427 gold pieces
 50930 | Vaults:4 | Identified the +0 pair of boots of Ruemn {rF++} (You bought it in a shop on level 4 of the Vaults)
 50964 | Vaults:4 | Reached XP level 23. HP: 167/167 MP: 32/32
 51141 | Vaults:4 | Received a gift from Trog
 51722 | Vaults:5 | Entered Level 5 of the Vaults
 51970 | Vaults:4 | Received a gift from Trog
 52380 | Vaults:4 | Gained mutation: Your muscles are strong. (Str +2) [evolution]
 52683 | Vaults:5 | Noticed an ancient lich
 52686 | Vaults:5 | HP: 8/167 [storm dragon (13)]
 52834 | Vaults:5 | Noticed an ancient lich
 52875 | Vaults:5 | Killed an ancient lich
 52875 | Vaults:5 | Reached XP level 24. HP: 86/172 MP: 2/32
 53195 | Vaults:5 | Received a gift from Trog
 53462 | Vaults:5 | Killed an ancient lich
 53637 | Vaults:5 | Paralysed by a hornet for 2 turns
 53737 | Vaults:5 | Received a gift from Trog
 53844 | Vaults:5 | Identified Ulium's Disquisition on Virous Feathers
 53847 | Vaults:5 | Got a fine chain mail
 53858 | Vaults:5 | Identified the +8 chain mail "Yfuom" {rC+ SInv} (You found it on level 5 of the Vaults)
 53919 | Vaults:5 | Got a silver rune of Zot
 54205 | Vaults:5 | Found Feaciy's Jewellery Shop.
 54292 | Vaults:5 | Received a gift from Trog
 54420 | Vaults:5 | Identified the Tome of the Captivating Birds
 55273 | Elf:1    | Entered Level 1 of the Elven Halls
 55329 | Elf:1    | Received a gift from Trog
 55400 | Elf:1    | Reached skill level 15 in Evocations
 55406 | Elf:1    | Received a gift from Trog
 55418 | Elf:1    | Gained mutation: Your muscles are very strong. (Str +4) [evolution]
 55608 | Elf:1    | Received a gift from Trog
 55615 | Elf:1    | Reached XP level 25. HP: 181/181 MP: 34/34
 56077 | Elf:1    | Received a gift from Trog
 56305 | Elf:2    | Found Dagawku's Jewellery Shoppe.
 56305 | Elf:2    | Found Hamnesmi's Gadget Boutique.
 56306 | Elf:2    | Found Zeas's Gadget Boutique.
 56312 | Elf:2    | Bought a wand of heal wounds (4/9) for 960 gold pieces
 56680 | Elf:2    | Found a runed gate.
 56680 | Elf:2    | Found a runed gate.
 56680 | Elf:2    | Found a runed gate.
 56907 | Elf:2    | Received a gift from Trog
 57319 | Elf:3    | Entered Level 3 of the Elven Halls
 57319 | Elf:3    | Noticed Louise
 57324 | Elf:3    | Killed Louise
 57495 | Elf:3    | Received a gift from Trog
 58050 | Elf:3    | Found a portal to a secret trove of treasure.
 58382 | Elf:3    | You paid a toll of +2 shadow dragon scales to enter a treasure trove
 58383 | Trove    | Entered a treasure trove
 58425 | Trove    | Got a fine hand crossbow
 58620 | Elf:3    | Identified the +11 hand crossbow of Radicalism {elec, rN+ Int+5} (You found it in a treasure trove)
 58630 | Elf:3    | Got a fine lead ring
 58633 | Elf:3    | Identified the ring of Pimidoh {rC+ Str+2 Int+4 Dex-5 Stlth-} (You took it off a deep elf death mage on level 3 of the Elven Halls)
 58793 | Elf:3    | Got a crude pewter ring
 58882 | Elf:3    | Received a gift from Trog
 58898 | Elf:3    | Received a gift from Trog
 58902 | Elf:3    | Got a brightly glowing brass ring
 58999 | Elf:3    | Reached XP level 26. HP: 176/191 MP: 35/35
 59030 | Elf:3    | Identified the ring "Xiuvvi Leycs" {Fire rElec rN+ Str+4 Int+3} (You took it off a deep elf blademaster on level 3 of the Elven Halls)
 59032 | Elf:3    | Identified the ring "Inlaugh" {+Fly rC++} (You took it off a deep elf master archer on level 3 of the Elven Halls)
 59078 | Elf:3    | Got a spiked helmet
 59089 | Elf:3    | Identified the +0 helmet of Springtime {Regen+ MP+9 Str-2 Int+9} (You found it on level 3 of the Elven Halls)
 59167 | Elf:3    | Got a slimy wooden ring
 59169 | Elf:3    | Identified the ring of Polytheism {Str+2 Int+3 Dex+2} (You found it on level 3 of the Elven Halls)
 59176 | Elf:3    | Got a scorched dagger
 59184 | Elf:3    | Identified the Disquisition on Mutagenic Poison
 59203 | Elf:3    | Got a brightly glowing chain mail
 59209 | Elf:3    | Identified the +0 chain mail "Yluiprin" {+Blink +Inv rN++ Dex-2} (You found it on level 3 of the Elven Halls)
 59256 | Elf:3    | Got a brightly glowing dagger
 59259 | Elf:3    | Identified a +4 rod of ignition (10/10) (You found it on level 3 of the Elven Halls)
 59263 | Elf:3    | Identified the +10 dagger "Cuism" {pierce, Int+2 Dex+2} (You found it on level 3 of the Elven Halls)
 59265 | Elf:3    | Identified the +5 dagger of Woe {freeze, MR++} (You found it on level 3 of the Elven Halls)
 59621 | Depths:1 | Entered Level 1 of the Depths
 60231 | Depths:1 | Found a gateway to Hell.
 60310 | Depths:1 | Found a one-way gate leading to the halls of Pandemonium.
 60917 | Depths:1 | Received a gift from Trog
 61558 | Depths:2 | Lost intelligence.
 61968 | Depths:2 | Received a gift from Trog
 62043 | Depths:2 | Found a one-way gate to the infinite horrors of the Abyss.
 62586 | Depths:2 | Found a glowing golden altar of the Shining One.
 63028 | Depths:3 | Received a gift from Trog
 63244 | Depths:3 | Reached XP level 27. HP: 187/196 MP: 36/37
 63278 | Depths:3 | Got a warped leather armour
 63321 | Depths:3 | Identified the +3 leather armour of Boem {rC+ Str+2 Int+3} (You found it on level 3 of the Depths)
 63340 | Depths:3 | Found Inniqum's Distillery.
 63354 | Depths:3 | Noticed Mennas
 63381 | Depths:3 | Killed Mennas
 64167 | Depths:3 | Received a gift from Trog
 64439 | Depths:3 | Received a gift from Trog
 64877 | Depths:4 | Found a gateway to a ziggurat.
 65283 | Depths:4 | Received a gift from Trog
 65383 | Depths:4 | Got a faintly humming ring mail
 65394 | Depths:4 | Identified the +4 ring mail of Prudence {-Cast Regen+ MP+9} (You found it on level 4 of the Depths)
 65594 | Depths:4 | Received a gift from Trog
 65783 | Depths:5 | Entered Level 5 of the Depths
 66037 | Depths:5 | Identified the Disquisition on the Glacier and Stones
 66219 | Depths:5 | Received a gift from Trog
 66481 | Depths:5 | Found a gate to the Realm of Zot.
 66641 | Depths:5 | Noticed Margery
 66656 | Depths:5 | Killed Margery
 66987 | Depths:5 | Lost mutation: Your movements are slightly less encumbered by armour. (ER -2) [evolution]
 67662 | Lair:5   | Received a gift from Trog
 67694 | Slime:1  | Entered Level 1 of the Pits of Slime
 67964 | Slime:1  | Received a gift from Trog
 68915 | Slime:2  | Noticed Dissolution
 68921 | Slime:2  | Killed Dissolution
 69238 | Slime:2  | Received a gift from Trog
 69597 | Slime:2  | You fall through a shaft!
 69728 | Slime:2  | Received a gift from Trog
 70909 | Slime:5  | Entered Level 5 of the Pits of Slime
 70981 | Slime:5  | Lost mutation: You are robust. (+10% HP) [a shining eye]
 71184 | Slime:5  | Paralysed by a floating eye for 4 turns
 71196 | Slime:5  | Noticed the Royal Jelly
 71865 | Slime:4  | Gained mutation: Armour fits poorly on your strangely shaped body. [a shining eye]
 71866 | Slime:4  | Gained mutation: You occasionally shout uncontrollably at your foes. [a shining eye]
 72047 | Slime:5  | Found a viscous altar of Jiyva.
 72560 | Slime:5  | Killed the Royal Jelly
 72634 | Slime:5  | Got a bound jade ring
 72750 | Slime:5  | Got a slimy rune of Zot
 72759 | Slime:5  | Identified the ring of Cuotwuon {*Tele +Blink +Inv SInv} (You found it on level 5 of the Pits of Slime)
 72770 | Slime:5  | Got a heavily runed wooden ring
 72772 | Slime:5  | Identified the ring of Ru's Esteem {rPois AC+2} (You found it on level 5 of the Pits of Slime)
 73231 | Lair:1   | Got a brightly glowing golden amulet
 73236 | Lair:1   | Identified the amulet of Guneaj {Faith MR+ Int+2} (You acquired it on level 1 of the Lair of Beasts)
 73757 | Elf:1    | Received a gift from Trog
 73888 | Elf:3    | Gained mutation: Your spells are a little harder to cast, but a little more powerful. [evolution]
 73888 | Elf:3    | Lost mutation: You evolve. [end of evolution]
 76012 | Crypt:1  | Entered Level 1 of the Crypt
 76483 | Crypt:1  | Noticed Donald
 76502 | Crypt:1  | Killed Donald
 77255 | Crypt:2  | Received a gift from Trog
 77511 | Crypt:2  | Noticed Saint Roka
 77538 | Crypt:2  | Killed Saint Roka
 77852 | Crypt:3  | Entered Level 3 of the Crypt
 77863 | Crypt:3  | Paralysed by a sphinx for 3 turns
 78797 | Crypt:3  | Received a gift from Trog
 79074 | Crypt:3  | Received a gift from Trog
 79620 | Crypt:3  | Found a staircase to the Tomb.
 80088 | Crypt:3  | Found a basalt altar of Yredelemnul.
 80093 | Crypt:3  | Found an ancient bone altar of Kikubaaqudgha.
 80552 | Crypt:3  | Got a steaming bronze ring
 80591 | Crypt:3  | Identified the Almanac of Sinister Rites
 80686 | Crypt:3  | Identified the ring "Kagh" {rC+ Dex+3} (You took it off a guardian mummy on level 3 of the Crypt)
 80798 | Tomb:1   | Entered Level 1 of the Tomb of the Ancients
 80806 | Tomb:1   | Received a gift from Trog
 81203 | Tomb:1   | Received a gift from Trog
 81439 | Tomb:1   | Received a gift from Trog
 81571 | Tomb:1   | Noticed a greater mummy
 81571 | Tomb:1   | Noticed a greater mummy
 82107 | Tomb:1   | Noticed a greater mummy
 82113 | Tomb:1   | Killed a greater mummy
 82123 | Tomb:1   | Killed a greater mummy
 82439 | Tomb:1   | Noticed Khufu
 82646 | Tomb:1   | Received a gift from Trog
 82760 | Tomb:1   | Noticed a greater mummy
 82760 | Tomb:1   | Noticed a greater mummy
 82760 | Tomb:1   | Noticed a greater mummy
 82762 | Tomb:1   | Noticed a greater mummy
 82843 | Tomb:1   | Killed Khufu
 83003 | Tomb:1   | Killed a greater mummy
 83090 | Tomb:2   | Noticed Sojobo
 83092 | Tomb:2   | Noticed a greater mummy
 83092 | Tomb:2   | Noticed a greater mummy
 83092 | Tomb:2   | Noticed a greater mummy
 83092 | Tomb:2   | Noticed an ancient lich
 83370 | Tomb:1   | Killed Sojobo
 83373 | Tomb:1   | Received a gift from Trog
 84395 | Tomb:1   | Killed a greater mummy
 85004 | Tomb:1   | Killed a greater mummy
 85042 | Tomb:2   | Paralysed by an ancient lich for 6 turns
 85045 | Tomb:2   | Mangled by a guardian mummy

Skill      XL: |  1  2  3  4  5  6  7  8  9 10 11 12 13 14 15 16 17 18 19 20 21 22 23 24 25 26 27 |
---------------+----------------------------------------------------------------------------------+-----
Stealth        | 2 3 4 6 7 8 10 11 12 13 14 15 18 19 20 | 20.0
Short Blades   | 6 9 10 14 | 14.1
Evocations     | 3 6 9 10 12 13 15 17 21 26 | 26.0
Dodging        | 4 6 9 11 13 14 15 16 17 18 19 20 21 26 | 26.5
Fighting       | 4 6 9 12 13 14 15 16 17 18 19 20 25 | 25.1
Armour         | 3 |  3.0
Crossbows      | 9 11 16 19 21 23 26 | 26.0
Shields        | 4 5 6 |  6.7

Action                   |  1- 3 |  4- 6 |  7- 9 | 10-12 | 13-15 | 16-18 | 19-21 | 22-24 | 25-27 || total
-------------------------+-------+-------+-------+-------+-------+-------+-------+-------+-------++-------
Melee: Short sword       |    63 |    26 |       |       |    43 |       |   953 |  1606 |  3395 ||  6086
       Dagger            |       |    55 |   263 |   979 |       |       |       |       |    43 ||  1340
       Rapier            |       |       |       |    20 |  1001 |  1381 |   671 |       |   739 ||  3812
       Quick blade       |       |       |       |       |    61 |       |   170 |    66 |       ||   297
 Fire: Arbalest          |       |       |       |       |     5 |    44 |    22 |    48 |    28 ||   147
       Hand crossbow     |       |       |       |       |       |     1 |       |       |       ||     1
       Triple crossbow   |       |       |       |       |       |       |       |       |   486 ||   486
Throw: Stone             |       |       |       |     6 |     1 |     4 |    12 |     8 |     6 ||    37
Invok: Berserk           |     1 |     3 |     3 |    14 |     7 |    12 |    14 |    15 |    11 ||    80
       Trog's Hand       |       |     1 |       |       |       |     2 |     1 |     1 |     3 ||     8
       Brothers in Arms  |       |       |       |     3 |     1 |     5 |     2 |     6 |    17 ||    34
       Burn Spellbooks   |       |       |       |       |       |     1 |       |       |       ||     1
 Abil: Evoke Flight      |       |       |       |     2 |     4 |     1 |    13 |       |     4 ||    24
Evoke: Wand              |       |       |     1 |     1 |       |     3 |     4 |       |     1 ||    10
       Box of beasts     |       |       |       |       |       |     1 |       |       |       ||     1
       Sack of spiders   |       |       |       |       |       |       |       |     1 |       ||     1
       Rod               |       |       |       |       |       |       |       |       |    10 ||    10
       Lamp of fire      |       |       |       |       |       |       |       |       |     5 ||     5
       Disc of storms    |       |       |       |       |       |       |       |       |     5 ||     5
       Fan of gales      |       |       |       |       |       |       |       |       |     1 ||     1
       Phial of floods   |       |       |       |       |       |       |       |       |     1 ||     1
  Use: Scroll            |     4 |     1 |     5 |    17 |    14 |     9 |    10 |    10 |    41 ||   111
       Potion            |       |       |       |       |     5 |       |     2 |     7 |    13 ||    27
 Stab: Sleeping          |     9 |    15 |    18 |    19 |    55 |    37 |    52 |    22 |    89 ||   316
       Distracted        |       |     2 |       |     5 |     6 |     7 |     9 |    13 |    41 ||    83
       Invisible         |       |       |       |       |     3 |       |       |       |       ||     3
  Eat: Chunk             |    11 |     6 |    13 |    37 |    45 |    45 |    60 |    44 |    92 ||   353
       Beef jerky        |       |       |       |       |       |       |     1 |       |     1 ||     2
       Meat ration       |       |       |       |       |       |       |       |       |     2 ||     2
       Royal jelly       |       |       |       |       |       |       |       |       |     1 ||     1
Armor: Animal skin       |     1 |     6 |     3 |       |       |       |       |       |       ||    10
       Robe              |       |       |    12 |    63 |    62 |    12 |       |       |       ||   149
       Troll leather arm |       |       |       |       |    10 |       |       |       |       ||    10
       Steam dragon scal |       |       |       |       |     3 |       |       |       |       ||     3
       Quicksilver drago |       |       |       |       |       |    82 |   120 |   127 |   433 ||   762
Dodge: Dodged            |    21 |    33 |   109 |   555 |   801 |   858 |   942 |  1161 |  3771 ||  8251
Block: Buckler           |       |       |       |       |       |   353 |   511 |   565 |  1519 ||  2948
